 Dungeon Crawl Stone Soup version 0.27.0-1-g7a089689b8 (webtiles) character file.

Game seed: 51772124314234868

54 Spaninq the Ducker (level 3, -4/18 HPs)
             Began as a Spriggan Gladiator on Aug 13, 2021.
             Slain by Jessica (14 damage)
             ... on level 2 of the Dungeon.
             The game lasted 00:03:20 (2050 turns).

Spaninq the Ducker (Spriggan Gladiator)             Turns: 2050, Time: 00:03:21

Health: -4/18      AC:  2    Str: 11    XL:     3   Next: 66%
Magic:  4/4        EV: 19    Int:  9    God:
Gold:   10         SH:  0    Dex: 16    Spells: 2/2 levels left

rFire    . . .     SeeInvis +   a - +0 long sword
rCold    . . .     Faith    .   (shield restricted)
rNeg     . . .     Spirit   .   b - +0 robe
rPois    .         Reflect  .   c - +0 hat
rElec    .         Harm     .   (no cloak)
rCorr    .         Rampage  .   (gloves unavailable)
Will     .....                  (boots unavailable)
Stlth    +.........             (no amulet)
HPRegen  0.06/turn              (no ring)
MPRegen  0.09/turn              (no ring)

@: very quick
A: very small, no large weapons, unfitting armour, see invisible, speed 3
a: no special abilities


You were on level 2 of the Dungeon.
You visited 1 branch of the dungeon, and saw 2 of its levels.

You collected 10 gold pieces.

Inventory:

Hand Weapons
 a - a +0 long sword (weapon)
Missiles
 d - 3 throwing nets
 e - 7 boomerangs of dispersal
 g - 17 poisoned darts (quivered)
Armour
 b - a +0 robe (worn)
 c - a +0 hat (worn)
Scrolls
 f - 2 scrolls of identify {unknown}
 i - a scroll of blinking {unknown}
 j - 2 scrolls of fog {unknown}
Potions
 h - a potion of degeneration {unknown}
 k - a potion of might {unknown}


   Skills:
 + Level 2.1 Fighting
 * Level 3.2 Long Blades
 - Level 2.0 Throwing
 + Level 4.6 Dodging


You had 2 spell levels left.
You didn't know any spells.
Your spell library contained the following spells:

 Spells                   Type           Power      Damage    Failure   Level
 Beastly Appendage        Tmut           0%         N/A       38%         1
 Wereblood                Tmut           0%         N/A       52%         2
 Spider Form              Tmut/Pois      0%         N/A       77%         3


Dungeon Overview and Level Annotations

Branches:
Dungeon (2/15)

Altars:
Vehumet

Annotations:
D:2 Jessica


Innate Abilities, Weirdness & Mutations

You are very small and have problems with some larger weapons.
You are too small for most types of armour.
You have supernaturally acute eyesight. (SInv)
You cover ground extremely quickly. (Speed+++)


Message History

A kobold comes into view. It is wielding a +0 club.
The kobold hits you but does no damage.
You closely miss the kobold. The kobold hits you but does no damage.
You hit the kobold.
You kill the kobold!
Things that are here:
a +0 club; 5 stones; a kobold corpse You closely miss the adder.
The adder misses you.
You riposte.
You hit the adder.
The adder is moderately wounded.
You hit the adder.
The adder is almost dead.
The adder misses you.
You riposte.
You completely miss the adder.
The adder is almost dead.
Jessica shouts, "You're disturbing me!
I'll have to kill you!" The adder barely misses you.
You barely miss the adder.
The adder is almost dead.
The adder misses you.
You riposte.
You miss the adder.
The adder is almost dead.
You hit the adder.
The adder is almost dead.
The adder misses you. The adder completely misses you.
Jessica casts a spell.
Jessica blinks!
You slash the adder!
You kill the adder!
Jessica hits you with a +1 dagger of electrocution.
The frilled lizard misses you.
You see here an adder corpse.
You miss the frilled lizard.
The frilled lizard completely misses you.
Jessica gestures wildly while chanting.
Jessica seems to speed up.
You hit the frilled lizard.
You kill the frilled lizard!
Jessica hits you with a +1 dagger of electrocution.
You are electrocuted!
Ouch! That really hurt!
You die...

#.........######
#.##.####......#
#.##...........#
#####+##.#######.####.#
.......l.# #....####.#.
.......@## #.##........
........# #.##.####...
........#####.##†#
.......)...@..##@#
........########@# #
........# #.####.##..
........# #..........
......... #.#).......
.........
...............
.........
..#.#.#...#.### #######
.........# ..
#.#...#.... ..


You could see Jessica (fast).

Vanquished Creatures
  A gnoll (D:1)
  An adder (D:2)
  A dart slug (D:1)
  8 bats
  3 endoplasms (D:1)
  3 goblins
  2 hobgoblins
  4 jackals (D:1)
  3 kobolds (D:2)
  2 ball pythons
  2 frilled lizards (D:2)
  4 rats
34 creatures vanquished.

Notes
Turn   | Place    | Note
-------+----------+-------------------------------------------
     0 | D:1      | Spaninq the Spriggan Gladiator began the quest for the Orb.
     0 | D:1      | Reached XP level 1. HP: 10/10 MP: 2/2
   617 | D:1      | Reached XP level 2. HP: 15/15 MP: 3/3
   646 | D:1      | Found a faded altar of an unknown god.
   667 | D:1      | Became a worshipper of Vehumet
   667 | D:1      | Reached * piety under Vehumet
   667 | D:1      | Offered knowledge of Sandblast by Vehumet.
   668 | D:1      | Fell from the grace of Vehumet
   976 | D:1      | Reached XP level 3. HP: 18/18 MP: 4/4
  1271 | D:1      | You fall into a shaft and drop 1 floor!
  1983 | D:2      | Noticed Jessica
  2050 | D:2      | Slain by Jessica

Illustrated notes

Levels and vault maps discovered:
D:1:      dpeg_arrival_pits, layout_basic, shapermc_ecumenical_altar_acropolis,
          roderic_nine_men_s_morris, minmay_door_square
D:2:      layout_basic, basic_altar, uniq_jessica

Skill      XL: |  1  2 |
---------------+-------+-----
Fighting       | 2 |  2.1
Long Blades    | 3 |  3.2
Throwing       | |  2.0
Dodging        | |  4.6

Action                   || total
-------------------------++-------
Melee: Long sword        ||    88
Invok: Renounce Religion ||     1
 Stab: Sleeping          ||     2
Armor: Robe              ||    15
Dodge: Dodged            ||    78
       Rpst.: Long sword ||    27
